 Dungeon Crawl Stone Soup version 0.26.1-11-gd32895ea62 (console) character file.

Game seed: 13490097527202422905

29 erker the Changer (level 3, 0/23 HPs)
             Began as an Octopode Transmuter on June 23, 2021.
             Slain by a leopard gecko (4 damage)
             ... on level 2 of the Dungeon.
             The game lasted 00:04:54 (2064 turns).

erker the Changer (Octopode Transmuter)             Turns: 2064, Time: 00:04:55

Health: 0/23       AC:  1    Str:  9    XL:     3   Next: 16%
Magic:  6/6        EV: 13    Int: 16    God:
Gold:   65         SH:  0    Dex: 12    Spells: 5/6 levels left

rFire    . . .     SeeInvis .     - Unarmed
rCold    . . .     Faith    .   (no shield)
rNeg     . . .     Spirit   .   (helmet restricted)
rPois    .         Reflect  .   (no amulet)
rElec    .         Harm     .   (no ring)
rCorr    .         Rampage  .   (no ring)
Will     .....                  (no ring)
Stlth    ++........             (no ring)
HPRegen  0.07/turn              (no ring)
MPRegen  0.10/turn              (no ring)
                                (no ring)
                                (no ring)

@: no status effects
A: almost no armour, stealthy swim, amphibious, 8 rings, constrict 8, camouflage
1, gelatinous body 1
a: no special abilities


You were on level 2 of the Dungeon.
You visited 1 branch of the dungeon, and saw 2 of its levels.

You collected 65 gold pieces.

Inventory:

Hand Weapons
 g - a +4 dagger
Missiles
 d - 34 poisoned darts
Jewellery
 l - an uncursed ring of fire
Scrolls
 b - a scroll of blinking {unknown}
 c - 2 scrolls of remove curse {unknown}
 h - 2 scrolls of identify {unknown}
 i - a scroll of teleportation {unknown}
 j - a scroll of enchant weapon {unknown}
 k - a scroll of fog {unknown}
 m - a scroll of amnesia {unknown}
Potions
 a - a potion of heal wounds {unknown}
 e - a potion of curing
 f - a potion of degeneration {unknown}


   Skills:
 - Level 1.0 Fighting
 - Level 2.0 Dodging
 - Level 3.0 Unarmed Combat
 - Level 2.0 Spellcasting
 + Level 3.5 Transmutations


You had 5 spell levels left.
You knew the following spells:

 Your Spells              Type           Power        Failure   Level
a - Beastly Appendage     Tmut           24%          4%          1

Your spell library contained the following spells:

 Spells                   Type           Power        Failure   Level
 Wereblood                Tmut           12%          8%          2
 Spider Form              Tmut/Pois      3%           30%         3
 Ice Form                 Ice/Tmut       7%           69%         4
 Blade Hands              Tmut           6%           80%         5


Dungeon Overview and Level Annotations

Branches:
Dungeon (2/15)

Altars:
Wu Jian

Annotations:
D:2 exclusion: gnoll


Innate Abilities, Weirdness & Mutations

You cannot wear most types of armour.
You are very stealthy in the water. (Stealth+)
You are amphibious.
You can wear up to eight rings at the same time.
You can use your tentacles to constrict eight enemies at once.
Your skin changes colour to match your surroundings (Stealth+).
Your rubbery body absorbs attacks. (AC +1, EV +1)


Message History

You miss the leopard gecko. Your grab misses the leopard gecko.
The leopard gecko bites you.
You tentacle-slap the leopard gecko but do no damage.
Your grab misses the leopard gecko. The leopard gecko bites you.
You are too injured to fight recklessly!
You are too injured to fight recklessly!
You are too injured to fight recklessly!
You tentacle-slap the leopard gecko. Your grab misses the leopard gecko.
Your squeeze misses the leopard gecko.
The leopard gecko is moderately wounded.
The leopard gecko bites you.
You barely miss the leopard gecko. Your grab misses the leopard gecko.
The leopard gecko is moderately wounded.
The leopard gecko hisses menacingly.
The leopard gecko bites you.
* * * LOW HITPOINT WARNING * * *
The leopard gecko closely misses you.
The leopard gecko hisses menacingly.
The leopard gecko bites you.
You die...

#...≈≈.(#####....................
#.((≈≈..#.....#######.###.#######
#.≈≈≈≈≈≈####..........# #.#
#≈)≈≈(≈(# #..######### #.#
######### #..# #.# #.# #.# #..#
#..# ..#####.####..############.#
#.........>................###
####.##[##.#.##.@l............
#.##...........######...###
#.##..#.##.....### ..#
#.##.............. .#
#.##..####.....### #
#.##..####.....##
#.......).....>...
####..####.#...... #..# #.#######


You could see a leopard gecko.

Vanquished Creatures
  2 giant cockroaches (D:1)
  3 goblins (D:1)
  7 hobgoblins
  4 bats
  2 frilled lizards
  5 kobolds
  5 rats (D:1)
28 creatures vanquished.

Notes
Turn   | Place    | Note
-------+----------+-------------------------------------------
     0 | D:1      | erker the Octopode Transmuter began the quest for the Orb.
     0 | D:1      | Reached XP level 1. HP: 13/13 MP: 3/3
   322 | D:1      | Reached XP level 2. HP: 14/18 MP: 5/5
  1472 | D:2      | Reached XP level 3. HP: 23/23 MP: 6/6
  1729 | D:2      | Found an ornate altar of the Wu Jian Council.
  2064 | D:2      | Slain by a leopard gecko

Illustrated notes

Levels and vault maps discovered:
D:1:      ncdulo_halloftheorcs, layout_loops_corners, minmay_heptomino_o4
D:2:      layout_loops_ring, gammafunk_temple_overflow_statue,
          nzn_wu_jian_contemplation, uniq_crazy_yiuf_cottage

Skill      XL: |  1  2 |
---------------+-------+-----
Transmutations | 3 |  3.5
Fighting       | |  1.0
Dodging        | |  2.0
Unarmed Combat | |  3.0
Spellcasting   | |  2.0

Action                   || total
-------------------------++-------
Melee: Unarmed           ||    75
       Constrict         ||    20
       Tentacles         ||    14
       Punch             ||     1
       Kick              ||     1
 Cast: Beastly Appendage ||     1
  Use: Potion            ||     1
 Stab: Sleeping          ||     9
Armor: Skin              ||     6
Dodge: Dodged            ||    43
